 Dungeon Crawl Stone Soup version 0.32-a0-886-g41c5271027 (webtiles) character file.

Game seed: 13042781776052952124

1375 spaghetti the Fighter (level 8, -2/93 HPs)
             Began as an Oni Chaos Knight on Apr 2, 2024.
             Was a Plaything of Xom.
             Killed from afar by a steam dragon (14 damage)
             ... with a ball of steam
             ... on level 6 of the Dungeon.
             The game lasted 00:09:08 (6330 turns).

spaghetti the Fighter (Oni Chaos Knight)            Turns: 6330, Time: 00:09:08

Health: -2/93      AC:  6    Str: 16    XL:     8   Next: 66%
Magic:  15/15      EV:  8    Int: 19    God:    Xom [.*....]
Gold:   426        SH:  0    Dex:  7    Spells: 3/17 levels left

rFire   . . .        a - +2 hammer (venom)
rCold   . . .        (no shield)
rNeg    . . .        b - +2 robe
rPois   .            (helmet restricted)
rElec   .            i - +0 cloak
rCorr   .            (gloves unavailable)
SInv    .            (boots unavailable)
Will    .....        (no amulet)
Stlth   +            l - ring of wizardry
HPRegen 0.35/turn    m - ring of wizardry
MPRegen 0.14/turn

%: wizardry (x2)
@: no status effects
A: large, unfitting armour, horns 1, tough skin 1, double potion healing,
drunken brawling, claws 1, clever 1, wild magic 1, noise suppression
a: Renounce Religion


You were on level 6 of the Dungeon.
You worshipped Xom.
You were a plaything of Xom.
You visited 1 branch of the dungeon, and saw 6 of its levels.

You collected 426 gold pieces.

Inventory:

Hand Weapons
 a - a +2 hammer of venom (weapon)
 g - a +4 quarterstaff of chaos
 q - a +0 giant club
Armour
 b - a +2 robe (worn)
 i - a +0 cloak (worn)
Jewellery
 l - a ring of wizardry (left claw)
 m - a ring of wizardry (right claw)
Wands
 d - a wand of charming (3)
 j - a wand of polymorph (12)
 n - a wand of iceblast (3)
Scrolls
 f - a scroll of silence
 h - a scroll of fog
 p - a scroll of vulnerability
Potions
 e - a potion of attraction
 k - 2 potions of mutation
 o - a potion of brilliance


   Skills:
 - Level 10.3 Fighting
 - Level 3.0 Maces & Flails
 - Level 2.1 Dodging
 + Level 5.2 Spellcasting
 + Level 3.1 Conjurations
 + Level 3.2 Fire Magic


You had 3 spell levels left.
You knew the following spells:

 Your Spells              Type           Power      Damage    Failure   Level
a - Swiftness             Air            6%         N/A       13%         3
b - Fireball              Conj/Fire      11%        3d7       28%         5
c - Summon Cactus Giant   Summ           3%         N/A       99%         6

Your spell library contained the following spells:

 Spells                   Type           Power      Damage    Failure   Level
 Foxfire                  Conj/Fire      88%        2x1d8     1%          1
 Shock                    Conj/Air       56%        1d6       2%          1
 Scorch                   Fire           44%        2d6       2%          2
 Flame Wave               Conj/Fire      22%        2d8       12%         4
 Airstrike                Air            3%         2d(1-17)  36%         4
 Cause Fear               Hex            3%         N/A       36%         4
 Starburst                Conj/Fire      11%        6d5       78%         6
 Plasma Beam              Fire/Air       7%         2x1d17    92%         6
 Dragon's Call            Summ           3%         N/A       100%        9


Dungeon Overview and Level Annotations

Branches:
Dungeon (6/15)             Temple (0/1) D:4

Altars:
Makhleb
Xom

Shops:
D:6 :

Annotations:
D:6 1 runed translucent door


Innate Abilities, Weirdness & Mutations

You are too large for most types of armour.
You have a pair of small horns on your head.
You have tough skin. (AC +1)
You gain doubled healing and magic from potions.
Whenever you drink a healing potion, you attack all around you.
You have sharp fingernails.
Your mind is acute. (Int +4, Str/Dex -1)
Your spells are a little harder to cast, but a little more powerful.
You passively dampen the noise of your surroundings.


Message History

You savour every drop.
You feel much better.
You are engulfed in a cloud of scalding steam.
The steam dragon bites you.
The steam dragon claws you but does no damage.
Aiming: Charm
Press: ? - help, Shift-Dir - straight line, f/p - steam dragon
Aim: a steam dragon (chance to affect: 49%)
The steam dragon resists with some effort.
The steam dragon bites you.
The steam dragon claws you but does no damage.
Aiming: Charm
Press: ? - help, Shift-Dir - straight line, f/p - steam dragon
Aim: a steam dragon (chance to affect: 49%)
The steam dragon resists with some effort.
The steam dragon breathes steam at you. The ball of steam hits you.
Aiming: Charm
Press: ? - help, Shift-Dir - straight line, f/p - steam dragon
Aim: a steam dragon (chance to affect: 49%)
The steam dragon resists with some effort.
You are engulfed in a cloud of scalding steam.
The steam dragon barely misses you. x2
Aiming: Charm
Press: ? - help, Shift-Dir - straight line, f/p - steam dragon
Aim: a steam dragon (chance to affect: 49%)
The steam dragon resists with some effort.
You are engulfed in a cloud of scalding steam.
* * * LOW HITPOINT WARNING * * *
The steam dragon barely misses you. The steam dragon claws you.
* * * LOW HITPOINT WARNING * * *
Aiming: Charm
Press: ? - help, Shift-Dir - straight line, f/p - steam dragon
Aim: a steam dragon (steam, chance to affect: 49%)
The steam dragon resists with some effort.
You are engulfed in a cloud of scalding steam.
* * * LOW HITPOINT WARNING * * *
The steam dragon breathes steam at you. The ball of steam hits you!
You die...
Xom howls with laughter!

##.##### ##...## ####.#
.......# ##'## #.#
##.###.# #.# #.# #.# #.#
#.# #.# #.# #.# ##.## #.#
#.# #.# ##...## #.# #.#
#.# #.....# #.# ##.###.#
##..§########.#
.......#######.D@§§......#
##.........###.###########
#########.....# #######


You could see a steam dragon (catching breath).

Vanquished Creatures
  A water moccasin (D:6)
  An ice beast (D:6)
  A sky beast (D:5)
  2 ogres (D:5)
  A phantom (D:5)
  A scorpion (D:6)
  A bullfrog (D:6)
  2 howler monkeys
  5 hounds
  3 bombardier beetles
  Crazy Yiuf (D:5)
  Jessica (D:3)
  A sleepcap (D:6)
  4 iguanas
  An orc wizard (D:4)
  8 adders
  A shadow imp (D:5)
  A white imp (D:6)
  A dart slug (D:1)
  5 ribbon worms
  4 orcs
  8 ball pythons
  6 endoplasms
  5 giant cockroaches
  7 goblins
  5 hobgoblins
  5 jackals
  3 quokkas
  6 bats
  5 frilled lizards
  8 kobolds
  6 rats
110 creatures vanquished.

Vanquished Creatures (collateral kills)
  A jelly (D:6)
1 creature vanquished.

Vanquished Creatures (others)
  A white imp (D:6)
1 creature vanquished.

Grand Total: 112 creatures vanquished

Notes
Turn   | Place    | Note
-------+----------+-------------------------------------------
     0 | D:1      | spaghetti the Oni Chaos Knight began the quest for the Orb.
     0 | D:1      | Reached XP level 1. HP: 24/24 MP: 1/1
   110 | D:1      | Reached XP level 2. HP: 31/33 MP: 2/2
   168 | D:1      | Reached skill level 5 in Fighting
   234 | D:1      | XOM: silly message
   368 | D:1      | Reached XP level 3. HP: 39/42 MP: 3/3
   747 | D:2      | Reached skill level 6 in Fighting
   747 | D:2      | Reached XP level 4. HP: 50/53 MP: 4/4
   842 | D:2      | XOM: divination: magic mapping
   966 | D:2      | Reached skill level 7 in Fighting
  1379 | D:3      | XOM: noise
  1421 | D:3      | Reached XP level 5. HP: 58/62 MP: 5/5
  1708 | D:3      | Noticed Jessica
  1712 | D:3      | Killed Jessica
  1869 | D:3      | Found a faded altar of an unknown god.
  1889 | D:3      | XOM: scenery: 1 doors close
  2200 | D:4      | Reached skill level 8 in Fighting
  2396 | D:4      | Reached XP level 6. HP: 52/74 MP: 6/6
  2481 | D:4      | XOM: 4-stop teleportation journey
  2626 | D:4      | Found a shimmering altar of Xom.
  2664 | D:4      | Found a staircase to the Ecumenical Temple.
  2672 | D:4      | Reached skill level 9 in Fighting
  2675 | D:4      | XOM: silly message
  3046 | D:4      | XOM: silly message
  3151 | D:4      | XOM: divination: magic mapping
  3212 | D:4      | Gained mutation: Your mind is acute. (Int +4, Str/Dex -1)
                  | [potion of mutation]
  3212 | D:4      | Gained mutation: You passively dampen the noise of your
                  | surroundings. [potion of mutation]
  3212 | D:4      | Gained mutation: You have sharp fingernails. [potion of
                  | mutation]
  3279 | D:5      | Entered Level 5 of the Dungeon
  3287 | D:5      | XOM: potion effect (brilliance)
  3399 | D:5      | Reached skill level 10 in Fighting
  3399 | D:5      | Reached XP level 7. HP: 76/85 MP: 7/7
  3512 | D:5      | XOM: silly message
  3531 | D:5      | Reached skill level 1 in Spellcasting
  3650 | D:5      | Learned a level 3 spell: Swiftness
  3656 | D:5      | Learned a level 5 spell: Fireball
  3697 | D:5      | Found a burning altar of Makhleb.
  3705 | D:5      | XOM: potion effect (might)
  4107 | D:5      | Reached skill level 1 in Conjurations
  4107 | D:5      | Reached skill level 1 in Fire Magic
  4304 | D:5      | Reached XP level 8. HP: 55/93 MP: 12/14
  4530 | D:5      | Found a runed translucent door.
  4531 | D:5      | Noticed Crazy Yiuf
  4540 | D:5      | Killed Crazy Yiuf
  4626 | D:6      | XOM: 2-stop teleportation journey
  4895 | D:6      | XOM: noise
  4984 | D:6      | XOM: give mutation
  4984 | D:6      | Gained mutation: Your spells are a little harder to cast,
                  | but a little more powerful. [Xom's mischief]
  5073 | D:6      | Learned a level 6 spell: Summon Cactus Giant
  5307 | D:6      | Reached skill level 5 in Spellcasting
  5356 | D:6      | XOM: silly message
  5761 | D:6      | Found Vampus's Book Shoppe.
  5787 | D:6      | Found a runed translucent door.
  6323 | D:6      | HP: 3/93 [steam dragon/ball of steam (19)]
  6330 | D:6      | Killed from afar by a steam dragon

Illustrated notes

Levels and vault maps discovered:
D:1:      evilmike_arrival_fibonacci_small, layout_basic, minmay_split_cup_large
D:2:      layout_loops_ring
D:3:      layout_basic, hellmonk_ecumenical_altar_leap_of_faith, uniq_jessica
D:4:      layout_loops_corners, mainiacjoe_overflow_tiny_flanked,
          minmay_temple_entry_stoned_glass
D:5:      layout_loops_ring, mainiacjoe_overflow_paths, chequers_jeans,
          grunt_decor_fettered, uniq_crazy_yiuf_cottage
D:6:      layout_loops_corners, ebering_ghost_reflecting_pool, serial_shops,
          shop, minmay_starry_boxes

Skill      XL: |  1  2  3  4  5  6  7  8 |
---------------+-------------------------+-----
Fighting       | 5 6 7 8 10 | 10.3
Spellcasting   | 4 5 |  5.2
Conjurations   | 1 3 |  3.1
Fire Magic     | 1 3 |  3.2
Maces & Flails | |  3.0
Dodging        | |  2.1

Action                     |  1- 3 |  4- 6 |  7- 9 || total
---------------------------+-------+-------+-------++-------
  Melee: Mace              |    86 |   156 |   109 ||   351
         Headbutt          |    13 |    15 |    19 ||    47
   Cast: Fireball          |       |       |     6 ||     6
         Swiftness         |       |       |     1 ||     1
  Evoke: Wand              |       |       |    15 ||    15
    Use: Scroll            |     4 |     1 |     3 ||     8
         Potion            |       |     5 |     4 ||     9
   Stab: Paralysed         |       |     1 |       ||     1
         Sleeping          |       |     1 |       ||     1
         Confused          |       |     1 |       ||     1
 Armour: Robe              |    81 |   118 |   120 ||   319
  Dodge: Dodged            |    60 |    90 |    58 ||   208

Table legend: (Time is in decaauts)
 A = Elapsed time spent in this place.
 B = Non-inter-level travel time spent in this place.
 C = Inter-level travel time spent in this place.
 D = Time resting spent in this place.
 E = Time spent auto-exploring this place.
 F = Levels seen in this place.
 G = Mean time per level.
                   A        B        C        D        E       F      G
               +--------+--------+--------+--------+--------+-----+--------+
         Total |   6400 |   6141 |    259 |    625 |   4508 |   6 | 1066.7 |
       Dungeon |   6400 |   6141 |    259 |    625 |   4508 |   6 | 1066.7 |
               +--------+--------+--------+--------+--------+-----+--------+

Top non-repeatable levels by time:
     D:6: 1718 daAuts
     D:5: 1311 daAuts
     D:4: 1152 daAuts
     D:3: 869 daAuts
     D:2: 691 daAuts
     D:1: 657 daAuts
